Map: Eflorescencia EE

Players

Liberius - Winner!

  • Race: Protoss Protoss
  • Spawn Location: 12:00

robbert - Winner!

  • Race: Protoss Protoss
  • Spawn Location: 3:00

MrFercho

  • Race: Zerg Zerg
  • League: Silver
  • Spawn Location: 6:00

TATORREA

  • Race: Protoss Protoss
  • League: Silver
  • Spawn Location: 9:00

VOD

Have the link to the VOD?

Description

Time

  • Played on: May 30, 2020, 7:32 p.m.
  • Length: 23:04
Show
View Real Time Build Order
Export as new Build Order

Liberius Protoss - Winner!

Build Orders: Carriers 

Get SALT Encoding   

  12  0:03  Probe  
  13  0:15  Probe  
  14  0:27  Pylon, Probe  
  15  0:30  Assimilator  
  15  0:45  Probe  
  16  0:51  Gateway  
  16  0:59  Gateway  
  16  1:06  Probe  
  17  1:28  Assimilator  
  17  1:44  Probe  
  18  1:56  Forge  
  18  1:57  Pylon  
  18  2:01  Pylon  
  18  2:41  Probe  
  19  2:45  Photon Cannon x2  
  19  2:49  Photon Cannon  
  19  2:53  Probe, Cybernetics Core  
  20  3:02  Protoss Shields Level 1  
  20  3:06  Probe  
  21  3:16  Assimilator  
  21  3:18  Probe  
  22  3:30  Nexus  
  22  3:43  Shield Battery  
  22  3:44  Shield Battery  
  22  3:50  Pylon  
  22  4:01  Pylon  
  22  4:03  Pylon  
  22  4:06  Assimilator  
  22  4:16  Pylon  
  22  4:24  Stargate  
  22  4:32  Stargate  
  22  4:40  Probe  
  22  4:43  Probe  
  24  4:55  Probe  
  25  5:07  Probe  
  25  5:12  Twilight Council  
  26  5:20  Probe  
  27  5:32  Fleet Beacon, Probe  
  28  5:44  Pylon, Probe  
  28  5:45  Pylon  
  29  5:50  Pylon  
  29  5:56  Charge, Probe  
  30  6:08  Probe  
  31  6:20  Probe  
  31  6:23  Assimilator  
  33  6:32  Probe  
  33  6:33  Carrier  
  39  6:40  Carrier  
  39  6:44  Probe  
  46  6:57  Probe  
  47  7:09  Probe  
  48  7:21  Probe  
  49  7:33  Probe  
  50  7:37  Carrier  
  56  7:44  Carrier  
  56  7:45  Probe, Anion Pulse-Crystals  
  63  7:57  Probe  
  64  8:06  Protoss Air Weapons Level 1 (Chrono Boost)  
  64  8:09  Probe  
  65  8:18  Protoss Shields Level 2  
  65  8:21  Probe  
  66  8:27  Zealot  
  66  8:28  Zealot  
  66  8:33  Probe  
  71  8:42  Robotics Facility  
  71  8:44  Pylon  
  71  8:46  Pylon  
  71  8:49  Pylon  
  71  8:55  Zealot x2  
  75  9:22  Zealot x2  
  79  9:38  Observer  
  80  9:49  Zealot x2  
  84  9:53  Carrier x2  
  84  9:59  Observer  
  97  10:15  Protoss Air Weapons Level 2  
  97  10:21  Observer  
  92  10:57  Carrier  
  98  11:11  Carrier  
  104  11:25  Zealot x2  
  108  11:47  Nexus  
  108  11:52  Zealot x2  
  112  12:06  Robotics Bay  
  112  12:09  Stargate  
  112  12:10  Phoenix  
  112  12:13  Stargate  
  112  12:15  Phoenix, Stargate  
  114  12:19  Zealot x2  
  120  12:29  Assimilator  
  120  12:33  Assimilator  
  120  12:35  Phoenix  
  122  12:42  Protoss Air Armor Level 1 (Chrono Boost)  
  122  12:46  Zealot x2  
  126  13:13  Zealot x2  
  130  13:20  Probe  
  131  13:31  Pylon  
  131  13:33  Pylon, Probe  
  132  13:35  Pylon  
  132  13:36  Pylon, Protoss Ground Weapons Level 1  
  132  13:38  Pylon  
  132  13:40  Pylon  
  132  13:42  Phoenix x2  
  132  13:45  Probe  
  137  13:57  Probe  
  138  14:05  Phoenix x3  
  138  14:09  Probe  
  145  14:21  Probe  
  146  14:33  Probe  
  147  14:45  Probe  
  148  14:51  Protoss Air Weapons Level 3  
  148  14:57  Probe  
  149  15:09  Probe  
  110  15:45  Protoss Ground Armor Level 1  
  81  16:20  Phoenix x5  
  91  16:45  Phoenix x5  
  101  17:05  Probe  
  102  17:10  Phoenix x5  
  112  17:17  Probe  
  111  17:29  Probe  
  112  17:35  Phoenix x2  
  116  17:41  Probe  
  111  17:53  Protoss Shields Level 3, Probe  
  100  18:08  Tempest x4  
  100  18:09  Tempest  
  125  18:25  Nexus  
  125  18:40  Pylon  
  125  18:51  Tempest x4  
  126  20:11  Phoenix x5  
  131  20:36  Tempest, Phoenix x3  
  114  21:59  Observer  
  114  22:01  Tempest x2  
  115  22:06  Zealot  
  127  22:20  Observer  
  128  22:33  Zealot  
  130  22:42  Observer  
Show
View Real Time Build Order
Export as new Build Order

robbert Protoss - Winner!

Build Orders: Nexus First 

Get SALT Encoding   

  12  0:01  Probe  
  13  0:15  Pylon  
  13  0:51  Nexus  
  13  0:58  Assimilator  
  13  1:00  Probe  
  14  1:15  Gateway  
  14  1:40  Gateway  
  14  1:45  Probe (Chrono Boost)  
  16  1:55  Probe (Chrono Boost)  
  16  1:57  Assimilator  
  16  2:00  Probe (Chrono Boost)  
  17  2:10  Probe (Chrono Boost)  
  19  2:16  Probe (Chrono Boost)  
  19  2:18  Zealot  
  19  2:21  Probe (Chrono Boost)  
  22  2:29  Probe (Chrono Boost)  
  23  2:35  Probe (Chrono Boost)  
  24  2:53  Probe  
  24  2:56  Assimilator  
  25  3:02  Cybernetics Core  
  25  3:04  Gateway  
  25  3:05  Probe (Chrono Boost)  
  26  3:09  Pylon  
  26  3:12  Assimilator  
  26  3:17  Probe (Chrono Boost)  
  27  3:25  Probe (Chrono Boost)  
  28  3:31  Forge, Probe  
  29  3:40  Warp Gate  
  29  3:43  Probe  
  30  3:55  Probe  
  30  3:58  Shield Battery  
  30  4:01  Shield Battery, Protoss Ground Weapons Level 1 (Chrono Boost)  
  31  4:08  Probe  
  32  4:17  Sentry  
  34  4:19  Adept  
  34  4:20  Probe  
  34  4:22  Adept  
  39  4:40  Twilight Council  
  39  4:43  Adept  
  41  4:47  Probe (Chrono Boost)  
  41  4:49  Stalker  
  44  4:57  Probe (Chrono Boost)  
  44  4:59  Probe (Chrono Boost)  
  46  5:12  Pylon  
  46  5:14  Pylon  
  46  5:17  Charge, Pylon  
  46  5:30  Stalker x2, Probe x2  
  46  5:34  Stalker  
  54  5:42  Probe x2  
  56  5:54  Pylon, Probe x2  
  58  5:57  Pylon  
  58  6:03  Protoss Ground Armor Level 1 (Chrono Boost)  
  58  6:06  Probe  
  58  6:08  Templar Archives  
  59  6:12  Dark Shrine  
  59  6:18  Stalker x2  
  61  6:22  Sentry  
  60  6:49  Resonating Glaives  
  54  7:13  Pylon  
  52  7:40  Gateway  
  52  7:42  Gateway  
  52  7:44  Gateway  
  52  7:45  Gateway  
  52  7:48  Shield Battery  
  52  7:55  Pylon  
  52  8:00  Dark Templar  
  52  8:01  Dark Templar x2  
  52  8:05  Shadow Stride  
  58  8:08  Protoss Ground Weapons Level 2 (Chrono Boost)  
  58  8:28  Blink  
  58  8:38  Dark Templar  
  58  8:39  Dark Templar x2  
  58  8:40  Dark Templar  
  50  9:16  Dark Templar  
  52  9:17  Dark Templar  
  48  10:35  High Templar  
  48  10:36  High Templar x2  
  48  10:37  High Templar  
  48  10:38  Dark Templar  
  58  11:03  Archon  
  58  11:07  Archon  
  58  11:12  Dark Templar x2  
  62  11:37  Nexus  
  62  11:41  Pylon  
  62  11:44  Pylon  
  62  11:52  Assimilator  
  62  11:53  Protoss Ground Weapons Level 3 (Chrono Boost)  
  62  11:56  Assimilator  
  62  12:10  Zealot  
  62  12:11  Zealot x2  
  62  12:12  Zealot  
  62  12:13  Zealot  
  62  12:14  Zealot x2  
  76  12:33  Pylon  
  76  12:35  Zealot  
  76  12:36  Zealot x2  
  82  12:37  Zealot x2  
  82  12:38  Zealot x2  
  62  13:14  Stalker x2  
  62  13:15  Stalker x2  
  62  13:16  Stalker x2  
  62  13:17  Stalker  
  62  13:18  Probe (Chrono Boost)  
  78  13:28  Probe (Chrono Boost)  
  78  13:33  Probe (Chrono Boost)  
  79  13:43  Pylon  
  79  13:44  Probe  
  79  13:45  Pylon  
  80  13:48  Robotics Facility  
  80  13:50  Robotics Facility  
  80  13:56  Probe  
  80  13:58  Dark Templar  
  80  13:59  Dark Templar x2  
  80  14:00  Dark Templar  
  83  14:45  Protoss Ground Armor Level 2  
  81  14:55  Probe  
  82  15:07  Probe  
  77  15:19  Probe  
  36  15:24  Zealot  
  36  15:25  Zealot x2  
  36  15:26  Zealot x2  
  36  15:27  Zealot x2  
  45  15:31  Probe  
  29  15:51  High Templar  
  29  15:52  High Templar  
  29  15:53  Zealot x2  
  29  15:54  Zealot x2  
  29  15:55  Zealot  
  43  15:59  Archon  
  21  16:36  Zealot x2  
  21  16:37  Zealot x2  
  21  16:38  Zealot  
  21  16:39  Dark Templar  
  33  16:40  Dark Templar  
  25  17:18  Protoss Shields Level 1  
  25  17:30  Nexus  
  25  17:46  Pylon  
  24  18:10  Dark Templar  
  24  18:11  Dark Templar x3  
  24  18:12  Dark Templar x2  
  36  18:13  Dark Templar  
  34  19:06  Nexus  
  26  19:56  Dark Templar  
  26  19:57  Dark Templar x3  
  26  19:58  Dark Templar x2  
  32  20:03  Assimilator  
  32  20:08  Assimilator  
  32  20:27  Dark Templar  
  34  20:39  Nexus  
  33  21:17  Dark Templar x2  
  33  21:18  Dark Templar  
  37  21:58  Probe  
  36  22:10  Probe  
  36  22:12  Zealot  
  36  22:13  Zealot  
  36  22:14  Zealot  
  36  22:15  Zealot x2  
  45  22:22  Probe  
  38  22:26  Zealot  
Show
View Real Time Build Order
Export as new Build Order

MrFercho Zerg 

Build Orders: 3 Hatch before Pool 

Get SALT Encoding   

  12  0:03  Drone  
  13  0:08  Drone  
  14  0:49  Extractor  
  13  0:50  Extractor  
  13  0:51  Drone x2  
  16  1:21  Hatchery  
  15  1:32  Hatchery  
  14  1:33  Extractor  
  13  1:50  Spawning Pool  
  12  1:57  Drone x2  
  14  2:12  Overlord x2  
  14  2:19  Overlord  
  14  2:34  Drone x2  
  16  2:38  Queen x2  
  20  2:45  Queen  
  22  3:04  Spine Crawler  
  22  3:05  Drone  
  22  3:14  Spine Crawler  
  21  3:32  Drone x6  
  27  3:49  Extractor  
  27  3:51  Extractor  
  25  3:55  Extractor  
  24  4:10  Metabolic Boost  
  24  4:18  Evolution Chamber  
  24  4:20  Drone x8  
  31  4:42  Lair  
  31  4:45  Zerg Ground Armor Level 1  
  31  4:53  Evolution Chamber  
  30  5:01  Drone x6  
  36  5:13  Drone x4  
  40  5:36  Drone x9  
  49  5:45  Zerg Missile Weapons Level 1  
  49  6:01  Zergling x2  
  49  6:02  Overlord x3  
  49  6:03  Overlord  
  50  6:17  Spire  
  49  6:20  Hydralisk Den  
  48  6:28  Zergling x2  
  48  6:29  Zergling x16  
  57  6:45  Zergling x2  
  57  6:46  Zergling x16  
  66  7:01  Hatchery  
  56  7:33  Baneling Nest  
  56  7:34  Drone x3  
  56  7:35  Drone x6  
  64  7:46  Zerg Missile Weapons Level 2, Zerg Ground Armor Level 2  
  64  7:54  Infestation Pit  
  64  7:58  Zerg Flyer Weapons Level 1  
  63  8:16  Hydralisk  
  63  8:17  Hydralisk x8  
  72  8:47  Grooved Spines  
  72  8:57  Overseer x2  
  72  9:05  Hydralisk  
  72  9:06  Hydralisk x7  
  88  9:14  Extractor  
  87  9:19  Extractor  
  68  9:45  Corruptor  
  68  9:46  Corruptor x6  
  68  9:47  Corruptor  
  84  9:57  Drone x3  
  84  9:58  Muscular Augments  
  84  9:59  Overlord x4  
  87  10:00  Overlord x2  
  87  10:10  Overseer  
  87  10:49  Hatchery, Drone x4  
  90  11:12  Hive  
  90  11:21  Centrifical Hooks  
  90  11:32  Hatchery  
  90  11:36  Hatchery  
  88  11:44  Hatchery  
  88  11:46  Hydralisk x4  
  88  11:47  Hydralisk x13  
  121  12:00  Zerg Flyer Armor Level 1  
  121  12:14  Spire  
  120  12:34  Drone x3  
  123  12:46  Queen  
  123  12:47  Queen x4  
  123  12:48  Queen  
  135  12:53  Overlord x2  
  135  12:54  Overlord x5  
  135  13:20  Mutalisk  
  135  13:21  Mutalisk x7  
  151  13:38  Greater Spire  
  151  13:42  Zerg Missile Weapons Level 3, Zerg Ground Armor Level 3  
  151  13:51  Adrenal Glands  
  151  13:56  Zergling x10  
  151  13:57  Zergling x2  
  153  15:11  Nydus Network  
  152  15:27  Hydralisk  
  152  15:28  Hydralisk x17  
  160  15:34  Baneling  
  160  15:35  Baneling x11  
  140  16:16  Hydralisk x6  
  140  16:17  Hydralisk  
  154  16:28  Brood Lord  
  150  16:58  Hatchery  
  143  17:27  Overseer x2  
  139  17:43  Hydralisk  
  139  17:44  Hydralisk x4  
  121  17:45  Hydralisk  
  117  18:36  Pneumatized Carapace  
  117  18:50  Brood Lord  
  117  18:51  Brood Lord x5  
  123  20:11  Hydralisk x4  
  123  20:12  Hydralisk x14  
  159  20:55  Hatchery  
  142  21:23  Overseer  
  142  21:24  Overseer  
  142  21:25  Overseer x4  
  142  21:26  Overseer  
  82  21:49  Hydralisk  
  82  21:50  Hydralisk x5  
  86  22:37  Hatchery  
  85  22:47  Drone  
Show
View Real Time Build Order
Export as new Build Order

TATORREA Protoss 

Build Orders:  

Get SALT Encoding   

  12  0:11  Probe  
  13  0:25  Probe  
  14  0:38  Probe  
  14  0:39  Pylon  
  15  0:57  Probe  
  16  1:09  Probe  
  17  1:16  Gateway  
  17  1:21  Probe  
  18  1:36  Assimilator  
  18  1:41  Probe  
  19  1:53  Probe  
  20  2:19  Probe  
  20  2:21  Nexus  
  21  2:24  Cybernetics Core  
  21  2:31  Probe  
  21  2:35  Assimilator  
  22  2:38  Pylon  
  22  2:43  Probe  
  23  3:07  Probe  
  23  3:09  Warp Gate  
  24  3:13  Stalker  
  24  3:18  Gateway  
  24  3:19  Probe  
  26  3:20  Gateway  
  26  3:22  Gateway  
  26  3:31  Probe  
  26  3:33  Probe  
  28  3:43  Probe  
  28  3:45  Probe  
  30  3:58  Pylon  
  30  3:59  Probe  
  30  4:00  Gateway, Probe  
  32  4:11  Probe  
  32  4:13  Twilight Council, Probe  
  34  4:23  Probe  
  35  4:25  Probe  
  36  4:32  Robotics Facility  
  36  4:34  Pylon  
  36  4:35  Probe  
  36  4:37  Probe  
  38  4:38  Pylon  
  38  4:47  Probe  
  38  4:48  Assimilator  
  38  4:49  Probe  
  38  4:52  Assimilator  
  40  4:59  Probe  
  41  5:00  Stalker  
  41  5:01  Stalker, Probe  
  41  5:02  Charge (Chrono Boost)  
  46  5:12  Probe  
  46  5:13  Probe  
  48  5:24  Probe  
  48  5:25  Probe  
  48  5:26  Stalker  
  48  5:27  Stalker  
  48  5:28  Stalker x2  
  56  5:33  Stalker  
  60  5:52  Observer  
  61  6:01  Forge  
  61  6:13  Warp Prism  
  61  6:16  Probe x2  
  65  6:22  Nexus  
  49  7:02  Stalker x3  
  49  7:03  Stalker x2  
  49  7:06  Probe  
  49  7:07  Probe  
  61  7:19  Probe x2  
  63  7:31  Probe x2  
  65  7:43  Probe x2  
  67  7:48  Gateway x2  
  67  7:52  Gateway  
  67  7:54  Protoss Ground Weapons Level 1  
  67  7:55  Gateway, Probe x2  
  69  7:58  Gateway  
  69  8:15  Assimilator  
  69  8:19  Assimilator  
  67  8:32  Zealot x3  
  67  8:33  Zealot x2  
  77  8:53  Zealot  
  77  8:54  Zealot x4  
  77  8:55  Zealot x2  
  79  8:58  Zealot  
  79  8:59  Zealot  
  57  9:34  Stalker x3  
  57  9:35  Stalker x2  
  57  9:36  Stalker x2  
  57  9:37  Stalker x2  
  57  9:38  Stalker  
  77  9:48  Stargate  
  77  9:51  Stargate  
  77  9:54  Stargate  
  77  9:57  Probe x2  
  77  9:58  Probe  
  80  10:00  Observer  
  80  10:03  Stalker  
  80  10:04  Stalker  
  62  11:03  Observer  
  60  11:24  Phoenix x2  
  60  11:25  Phoenix, Observer  
  67  11:33  Pylon  
  67  11:35  Pylon  
  67  11:40  Pylon  
  67  11:43  Pylon  
  67  11:46  Immortal  
  71  11:49  Pylon, Phoenix x2  
  71  11:50  Phoenix  
  71  11:54  Pylon  
  77  11:59  Stalker x5  
  77  12:00  Stalker x3  
  77  12:01  Stalker x2  
  95  12:03  Fleet Beacon  
  95  12:06  Robotics Bay  
  97  12:10  Protoss Ground Weapons Level 2 (Chrono Boost)  
  97  12:20  Protoss Air Weapons Level 1  
  97  12:23  Zealot x3  
  97  12:24  Zealot x3  
  97  12:25  Warp Prism, Zealot x2  
  97  12:26  Nexus, Zealot x2  
  119  12:32  Phoenix x3  
  113  13:15  Stalker x3  
  113  13:16  Stalker x3  
  113  13:17  Stalker  
  113  13:18  Stalker x2  
  113  13:19  Stalker  
  133  13:22  Anion Pulse-Crystals  
  133  13:37  Colossus  
  139  13:51  Carrier  
  145  14:02  Pylon  
  145  14:06  Pylon  
  145  14:08  Extended Thermal Lance  
  145  14:14  Pylon  
  145  14:17  Unknown  
  145  14:20  Carrier, Pylon  
  157  14:24  Carrier  
  157  14:25  Pylon  
  157  14:31  Pylon  
  157  14:32  Protoss Ground Weapons Level 3 (Chrono Boost)  
  157  14:35  Pylon  
  157  14:38  Pylon  
  157  14:40  Assimilator  
  157  14:41  Protoss Air Weapons Level 2 (Chrono Boost)  
  157  14:44  Assimilator  
  157  14:46  Zealot  
  157  14:47  Zealot x3  
  157  14:48  Zealot x4  
  157  14:49  Zealot x2  
  155  15:28  Zealot x2  
  155  15:29  Zealot x3  
  155  15:30  Zealot x5  
  113  16:09  Stalker  
  113  16:10  Stalker x4  
  113  16:11  Stalker x3  
  125  16:12  Stalker x2  
  61  17:07  Stalker x2  
  61  17:08  Stalker x3  
  67  17:09  Stalker  
  67  17:10  Stalker x2  
  67  17:11  Stalker  
  67  17:12  Stalker  
  79  17:20  Observer  
  80  17:24  Void Ray  
  80  17:25  Void Ray x2  
  92  17:47  Stalker x2  
  92  17:48  Stalker x3  
  92  17:49  Stalker  
  104  18:07  Void Ray x2  
  104  18:08  Void Ray  
  116  18:50  Void Ray x3  
  103  19:24  Stalker x2  
  103  19:25  Stalker x3  
  103  19:26  Stalker  
  109  19:33  Void Ray x2  
  117  19:39  Void Ray  
  94  20:21  Stalker x4  
  98  20:23  Zealot  
  40  21:17  Zealot  
  42  21:30  Observer  
  41  22:31  Zealot x2  
Tags
 
Add a new tag
Caveats
  • Supply blocks, unpowered buildings, or Contaminate may cause inaccurate times.
  • Supply counts are checked every 10 seconds.